AoeStats
← DreamedEagle635

Oasis

509522175Analyzed
3v3 RM · 7d ago on Sep 27, 2026· 30m 27s· 6 players
Game mode
Random Map
Map size
Normal (6 player)
Population
200
Speed
Normal
Resources
Standard
Victory
Conquest
Starting age
Dark Age
Ending age
Imperial Age
RankedLock teamsTeams togetherTeam positionsShared explorationLock speedFull tech treeHidden civsTurbo modeCheats
Victory
Defeat
🇦🇷 Magyars · Argentina
800
+18
🇦🇷 Persians · Argentina
771
+20
🇦🇷 Berbers · Argentina
770
+20
916
-22
🇮🇳 Khmer · India
852
-19
🇺🇸 Maya · United States
789
-17
DreamedEagle635
0:28 Loom
MordorQva
12:12 Feudal Age
13:37 Double-Bit Axe
16:23 Horse Collar
BoBo鸡之印第安走地鸡
0:33 Loom
15:41 Feudal Age
Bashynew
9:57 Feudal Age
18:59 Castle Age
17:02 Double-Bit Axe
18:12 Horse Collar
18:46 Forging
18:42 Scale Barding Armor
20:36 Bow Saw
24:03 Gold Mining
26:34 Iron Casting
26:21 Chain Barding Armor
26:29 Husbandry
灰色誠
5:47 Loom
10:50 Feudal Age
17:17 Castle Age
18:55 Wheelbarrow
19:00 Scale Barding Armor
21:06 Hand Cart
20:47 Double-Bit Axe
21:43 Forging
22:15 Chain Barding Armor
22:17 Hand Cart
22:11 Husbandry
23:31 Iron Casting
27:09 Fletching
28:29 Kasbah
PeladoUwU3060
7:50 Loom
10:19 Feudal Age
16:13 Double-Bit Axe
24:55 Scale Barding Armor
27:19 Castle Age
26:03 Bloodlines
30:22 Chain Barding Armor
Connection lost

Rejoining the realm…

Still unreachable

The connection could not be restored.

Session expired

The server has moved on; the page needs a fresh start.